Unix NetHack Version 5.0.0-0 post-release - last build May 31 2026 23:59:36 (970b52f25bf058293b47ddfd14a1e40e571c508c,branch:main).

Game began 2026-06-06 18:05:13, ended 2026-06-06 18:21:19.

Jobair, lawful female dwarven Archeologist

                            ------
      -----                 |.....############             -------
      |....#################....{|           ##############......|
      |...|       #        #|....|                         |.....|
      |{..|                #--+---                         |.>...|
      |...|               0#############################   |.....|
      ---.-               #                ------------#   |.....|
         #                                 |..........|#   |.....|
       ###                             ####-....i.....|#   -------
       #                               #   |..........|#
    ####            ----------------   ####-...i.i....|#
   -|-----          |...............####%  |..........-####
   |.....|   #######-......{.......|   #   |..........|##%###
   |.....| ###      |..............-####   ------------    ###############
   |.....| #        ----------------                        #            #
   |......##                                                ##    -------|--
   |*....|                                                   #####.........0|
   -------                                                        |..<......|
                                                                  ------.----

Jobair the Field Worker    St:17 Dx:9 Co:12 In:15 Wi:13 Ch:10  Lawful
Dlvl:7  $:168 HP:0(33) Pw:15(15) AC:5  Xp:4 T:2138 

Latest messages:
 s - a dart (at the ready) (15 in total).
 You see here a dart.
 s - a dart (at the ready) (16 in total).
 You see here a giant ant corpse.
 With great effort you move the boulder.
 The wood nymph appears!
 You try to move the boulder, but in vain.
 You try to move the boulder, but in vain.
 You lash the housecat!
 The housecat bites!
 The housecat bites!
 You lash the housecat.
 The housecat bites!
 You lash the housecat!
 The housecat just misses!
 You lash the housecat.
 The housecat misses!
 You miss the housecat.
 The housecat bites!
 The housecat bites!
 You kill the housecat!
 The manes hits!
 The manes hits again!
 The manes bites!
 You lash the manes!
 You destroy the manes!
 The manes hits!
 The manes hits again!
 The manes misses!
 You lash the manes.
 You destroy the manes!
 You lash the manes!
 The manes hits!
 The manes hits again!
 The manes bites!
 You miss the manes.
 You destroy the manes!
 You see here an empty unlocked large box.
 You miss the manes.
 You lash the manes!
 You miss the manes.
 The manes misses!
 The manes hits!
 The manes bites!
 You die...
 Do you want your possessions identified? [ynq] (y) y
 Do you want to see your attributes? [ynq] (y) y
 Do you want an account of creatures vanquished? [ynaq] (y) y
 Do you want to see your conduct and achievements? [ynq] (y) y
 Do you want to see the dungeon overview? [ynq] (y) y

Inventory:
 Coins    ('$')
  $ - 168 gold pieces
 Weapons  (')')
  j - 8 cursed +0 arrows
  s - 16 +0 darts (at the ready)
  r - 15 cursed -1 darts
  a - a cursed +2 bullwhip (weapon in right hand)
  D - a +0 scimitar
 Armor    ('[')
  c - a cursed +0 fedora
  m - an uncursed +2 helmet (being worn)
  o - an uncursed +0 shield of shock resistance (being worn)
  b - an uncursed +0 leather jacket (being worn)
 Comestibles  ('%')
  F - an uncursed clove of garlic
  t - an uncursed cram ration
  d - 6 uncursed food rations
  n - an uncursed tripe ration
  v - a cursed tripe ration
 Scrolls  ('?')
  G - a cursed scroll of enchant weapon
  y - 2 uncursed scrolls of teleportation
 Potions  ('!')
  z - a blessed potion of gain level
  H - an uncursed potion of healing
 Wands    ('/')
  E - a wand of secret door detection (0:13)
 Tools    ('(')
  h - an empty uncursed sack
  p - an uncursed leash
  i - an uncursed oil lamp
  e - a +0 pick-axe (alternate weapon; not wielded)
  w - a cursed tin opener
  l - an uncursed tin whistle
  f - a tinning kit (0:72)
 Gems/Stones  ('*')
  k - an uncursed fluorite stone
  q - a cursed jasper stone
  u - 2 uncursed worthless pieces of black glass
  x - an uncursed worthless piece of green glass
  g - an uncursed touchstone

Jobair the Archeologist's attributes:

Background:
 You were a Field Worker, a level 4 female dwarven Archeologist.
 You were lawful, nominally on a mission for Quetzalcoatl
 who was opposed by Camaxtli (neutral) and Huhetotl (chaotic).
 You were right-handed.
 You were in the Dungeons of Doom, on level 7.
 You entered the dungeon 2138 turns ago.
 You had 132 experience points, 28 more were needed to attain level 5.

Basics:
 You had 0 out of 33 hit points.
 You had all 15 energy points (spell power).
 Your armor class was 5.
 Your wallet contained 168 zorkmids.
 Autopickup was off.

Final Characteristics:
 Your strength was 17 (limit:18/100).
 Your dexterity was 9 (limit:20).
 Your constitution was 12 (limit:20).
 Your intelligence was 15 (limit:16).
 Your wisdom was 13 (limit:16).
 Your charisma was 10 (limit:16).

Final Status:
 You weren't hungry.
 You were unencumbered.
 You were wielding a whip.
 You had basic skill with whip.

Final Attributes:
 You were piously aligned.
 You were shock resistant.
 Your items were protected from electric shocks.
 You had automatic searching.
 You had infravision.
 You were invisible.
 You are dead.

Miscellaneous:
 You didn't encounter any bones levels.
 Total elapsed playing time was 16 minutes and 3 seconds.

Major events:
 Turn
    1: Jobair the lawful female dwarven Archeologist entered the dungeon
  690: entered the Gnomish Mines
  867: attained the rank of Field Worker (level 3)
 2138: killed by a manes

You didn't know any spells.

Skills:
 Fighting Skills
   bare handed combat [Unskilled]
   two weapon combat  [Unskilled]
   riding             [Unskilled]
 Weapon Skills
   dagger             [Unskilled]
   knife              [Unskilled]
   pick-axe           [Basic]
   short sword        [Unskilled]
   saber              [Unskilled]
   club               [Unskilled]
   quarterstaff       [Unskilled]
   sling              [Unskilled]
   dart               [Unskilled]
   boomerang          [Unskilled]
   whip               [Basic]
   unicorn horn       [Unskilled]
 Spellcasting Skills
   attack spells      [Unskilled]
   healing spells     [Unskilled]
   divination spells  [Unskilled]
   matter spells      [Unskilled]

Voluntary challenges:
 Character rerolling was not enabled.
 You were an atheist.
 You never genocided any monsters.
 You never polymorphed an object.
 You never changed form.
 You used no wishes.
Achievements:
 You entered a shop.
 You entered the Gnomish Mines.
 You attained the rank of Field Worker.

 The Dungeons of Doom: levels 1 to 7
    Level 1:
       Some fountains.
    Level 2:
       A general store, some fountains.
       Stairs down to The Gnomish Mines.
    Level 3:
    Level 4:
    Level 5:
    Level 6:
       A fountain.
    Level 7: <- You were here.
       Many fountains.
       Final resting place for
          you, killed by a manes.
 The Gnomish Mines:
    Level 3:


Vanquished creatures:
  a housecat
  a yellow light
  a violet fungus
  a giant ant
  a little dog
 an acid blob
  8 manes
  a hobgoblin
  2 giant rats
  2 cave spiders
  a brown mold
  5 jackals
  2 goblins
  6 grid bugs
  2 bats
  3 lichens
  2 newts
40 creatures vanquished.

No species were genocided or became extinct.

Game over:
                       ----------
                      /          \
                     /    REST    \
                    /      IN      \
                   /     PEACE      \
                  /                  \
                  |      Jobair      |
                  |      168 Au      |
                  |   killed by a    |
                  |      manes       |
                  |                  |
                  |                  |
                  |       2026       |
                 *|     *  *  *      | *
        _________)/\\_//(\/(/\)/\//\/|_)_______

Goodbye Jobair the Archeologist...

You died in The Dungeons of Doom on dungeon level 7 with 990 points,
and 168 pieces of gold, after 2138 moves.
You were level 4 with a maximum of 33 hit points when you died.

